AoeStats
← simbirbey

Black Forest

509443298Analyzed
4v4 RM · 5d ago on Sep 26, 2026· 47m 37s· 8 players
Game mode
Random Map
Map size
Large (8 player)
Population
200
Speed
Normal
Resources
Standard
Victory
Conquest
Starting age
Dark Age
Ending age
Imperial Age
RankedLock teamsTeams togetherTeam positionsShared explorationLock speedFull tech treeHidden civsTurbo modeCheats
Victory
Defeat
🇮🇳 Bohemians · India
869
+18
🇨🇳 Franks · China
847
+19
🇦🇷 Lithuanians · Argentina
833
+19
🇫🇷 Persians · France
821
+20
🇹🇷 Khmer · Türkiye
966
-21
🇹🇷 Poles · Türkiye
922
-20
🇦🇷 Chinese · Argentina
905
-19
🇹🇷 Byzantines · Türkiye
831
-16
Sylvain MIrouff
9:27 Feudal Age
9:49 Double-Bit Axe
9:47 Horse Collar
13:29 Stone Mining
15:19 Wheelbarrow
22:05 Castle Age
22:59 Bow Saw
22:52 Heavy Plow
22:46 Gold Mining
24:15 Stone Shaft Mining
25:06 Gold Shaft Mining
26:30 Hand Cart
27:04 Town Watch
28:46 Town Patrol
36:08 Imperial Age
33:38 Loom
34:05 Scale Barding Armor
34:01 Scale Mail Armor
34:01 Padded Archer Armor
33:52 Fletching
35:07 Murder Holes
35:22 Masonry
35:39 Kamandaran
37:17 Crop Rotation
37:51 Two-Man Saw
38:22 Architecture
38:14 Chain Barding Armor
38:10 Chain Mail Armor
38:10 Leather Archer Armor
38:06 Forging
37:52 Bodkin Arrow
38:09 Citadels
38:11 Guilds
38:02 Caravan
38:36 Elite War Elephant
45:07 Plate Barding Armor
45:02 Plate Mail Armor
45:02 Ring Archer Armor
45:08 Iron Casting
可可
13:48 Feudal Age
19:33 Castle Age
18:15 Fishing Lines
22:28 Double-Bit Axe
22:41 Gillnets
25:00 Bow Saw
25:35 Treadmill Crane
26:39 Wheelbarrow
26:11 Gold Mining
30:38 Imperial Age
29:02 Gold Shaft Mining
28:56 Hand Cart
28:30 Town Watch
28:30 Loom
29:07 Stone Mining
30:33 Caravan
31:53 Scale Barding Armor
31:59 Forging
31:40 Fletching
33:31 Chivalry
33:51 Conscription
34:04 Chain Barding Armor
34:19 Iron Casting
33:58 Cavalier
34:41 Husbandry
34:07 Cavalier
35:32 Hoardings
35:07 Siege Engineers
35:15 Masonry
35:43 Plate Barding Armor
35:04 Bodkin Arrow
35:34 Paladin
38:34 Blast Furnace
37:38 Town Patrol
39:30 Onager
43:12 Arson
43:28 Squires
43:14 Gambesons
42:49 Pikeman
43:34 Scale Mail Armor
44:27 Halberdier
darockstar686
11:32 Feudal Age
16:57 Castle Age
26:28 Wheelbarrow
27:05 Horse Collar
27:17 Double-Bit Axe
29:10 Hand Cart
30:44 Loom
30:44 Town Watch
32:23 Murder Holes
32:39 Masonry
32:31 Heavy Plow
32:44 Bow Saw
32:36 Pikeman
33:17 Squires
33:02 Arson
36:26 Chemistry
35:39 Fortified Wall
39:03 Town Patrol
39:57 Caravan
40:01 Fletching
40:22 Forging
40:13 Scale Mail Armor
40:14 Padded Archer Armor
40:08 Guard Tower
42:07 Bodkin Arrow
46:30 Imperial Age
44:19 Chain Mail Armor
44:45 Leather Archer Armor
45:57 Iron Casting
45:47 Ballistics
46:42 Wagenburg Tactics
Facuxx26
0:28 Loom
12:37 Feudal Age
14:32 Wheelbarrow
13:56 Double-Bit Axe
17:41 Castle Age
16:11 Horse Collar
16:43 Stone Mining
16:57 Gold Mining
25:13 Hand Cart
28:32 Heavy Plow
32:14 Imperial Age
32:20 Imperial Age
30:49 Forging
32:43 Onager
33:48 Conscription
35:33 Elite Leitis
36:39 Bloodlines
36:30 Husbandry
37:45 Scale Barding Armor
39:08 Crop Rotation
38:54 Bow Saw
39:31 Chain Barding Armor
39:12 Scale Mail Armor
40:45 Two-Man Saw
41:10 Caravan
41:21 Guilds
45:14 Plate Barding Armor
45:15 Iron Casting
46:22 Cavalier
46:26 Heavy Cavalry Archer
caglacula
3:12 Loom
15:15 Feudal Age
18:13 Double-Bit Axe
18:52 Horse Collar
21:44 Castle Age
20:28 Gold Mining
20:31 Stone Mining
23:36 Bow Saw
23:30 Heavy Plow
24:15 Stone Shaft Mining
27:13 Forging
27:04 Scale Mail Armor
27:22 Szlachta Privileges
27:21 Elite Skirmisher
29:55 Iron Casting
31:22 Chain Mail Armor
30:58 Fletching
31:31 Ballistics
31:59 Bodkin Arrow
32:05 Padded Archer Armor
34:44 Imperial Age
34:40 Leather Archer Armor
36:10 Crop Rotation
35:44 Bracer
36:46 Blast Furnace
36:19 Plate Mail Armor
35:55 Scale Barding Armor
37:15 Chemistry
36:30 Elite Obuch
41:58 Conscription
42:01 Pikeman
42:42 Squires
44:30 Chain Barding Armor
simbirbey
15:47 Feudal Age
22:02 Castle Age
20:07 Gold Mining
20:24 Stone Mining
21:16 Wheelbarrow
20:33 Double-Bit Axe
22:20 Forging
22:16 Scale Barding Armor
22:57 Horse Collar
23:32 Bow Saw
25:06 Heavy Plow
26:57 Stone Shaft Mining
28:01 Treadmill Crane
28:43 Ballistics
32:48 Imperial Age
31:49 Hand Cart
32:55 Iron Casting
32:40 Chain Barding Armor
32:21 Scale Mail Armor
34:24 Gold Shaft Mining
39:49 Plate Barding Armor
39:31 Chain Mail Armor
43:20 Crop Rotation
43:53 Two-Man Saw
Jeladam
4:06 Loom
13:20 Feudal Age
16:19 Castle Age
15:32 Double-Bit Axe
15:31 Horse Collar
15:47 Gold Mining
18:28 Bow Saw
22:21 Heavy Plow
28:09 Imperial Age
25:30 Town Watch
26:30 Wheelbarrow
27:43 Gold Shaft Mining
27:00 Stone Mining
28:24 Hand Cart
28:10 Town Patrol
28:36 Ballistics
28:27 Masonry
29:47 Crop Rotation
32:06 Coinage
31:37 Caravan
33:05 Tusk Swords
33:26 Conscription
33:42 Hoardings
33:23 Scale Barding Armor
33:29 Forging
33:11 Fletching
34:00 Banking
35:02 Chain Barding Armor
34:07 Elite Battle Elephant
34:50 Husbandry
35:01 Bloodlines
35:16 Devotion
36:31 Chemistry
36:02 Architecture
36:46 Iron Casting
36:07 Bodkin Arrow
38:07 Plate Barding Armor
39:28 Blast Furnace
38:29 Bracer
tomaslarias
0:30 Loom
13:00 Feudal Age
14:00 Double-Bit Axe
14:17 Stone Mining
18:18 Castle Age
17:20 Fishing Lines
27:00 Imperial Age
Connection lost

Rejoining the realm…

Still unreachable

The connection could not be restored.

Session expired

The server has moved on; the page needs a fresh start.